 Dungeon Crawl Stone Soup version 0.16.1-14-g82efdee (webtiles) character file.

536 KarvaRausku the Carver (level 7, -1/40 HPs)
             Began as a Tengu Gladiator on Apr 13, 2015.
             Slain by an orc
             ... wielding a +0 mace
              (5 damage)
             ... on level 3 of the Dungeon.
             The game lasted 00:11:40 (4876 turns).

KarvaRausku the Carver (Tengu Gladiator)            Turns: 4876, Time: 00:11:40

Health: -1/40      AC:  6    Str: 17    XL:     7   Next: 25%
Magic:  9/9        EV: 11    Int: 10    God:
Gold:   251        SH:  0    Dex: 15    Spells: 0 memorised, 6 levels left

rFire  + . .     SeeInvis .     a - +0 long sword
rCold  . . .     Clarity  .     q - +0 ring mail
rNeg   . . .     SustAb   .     (no shield)
rPois  .         Gourm    +     c - +0 hat
rElec  .         Spirit   .     g - +0 cloak
rCorr  .         Warding  .     (no gloves)
rMut   .         Stasis   .     (boots unavailable)
MR     .....                    x - amulet of the gourmand
Stlth  +.........               m - ring of protection from fire
                                y - +2 ring of intelligence

@: heavily drained, not resistant to hostile enchantments, very unstealthy
A: able to fly, beak, talons 3
a: Fly


You were on level 3 of the Dungeon.
You were very hungry.

You visited 1 branch of the dungeon, and saw 4 of its levels.
You also visited: Sewer.

You collected 251 gold pieces.

Inventory:

Hand weapons
 a - a +0 long sword (weapon)
Missiles
 d - 3 throwing nets (quivered)
Armour
 b - a +0 leather armour
 c - a +0 hat (worn)
 g - a +0 cloak (worn)
 q - a +0 ring mail (worn)
 v - a +0 cloak
Jewellery
 k - an uncursed ring of teleportation
 m - a ring of protection from fire (right hand)
 x - an amulet of the gourmand (around neck)
 y - a +2 ring of intelligence (left hand)
Scrolls
 j - 3 scrolls of teleportation
 l - a scroll of immolation
 r - 2 scrolls of identify
 u - a scroll of blinking
 w - a scroll of fog
Potions
 e - a potion of lignification {unknown}
 n - a potion of magic {unknown}
 p - 4 potions of might
 t - 4 potions of flight {unknown}
 z - a potion of heal wounds {unknown}
 A - a potion of berserk rage
 C - 6 potions of curing {unknown}
Comestibles
 f - 3 bread rations
 h - 5 meat rations
 i - a slice of pizza
 o - 2 beef jerkies
 s - a royal jelly


   Skills:
 - Level 2.0(0.8) Fighting
 + Level 8.9(7.5) Long Blades
 - Level 2.1(1.0) Throwing
 - Level 3.2(2.1) Dodging


You had 6 spell levels left.
You didn't know any spells.

Dungeon Overview and Level Annotations

Branches:
Dungeon (4/15)
 Temple: D:4-7

Altars:
Dithmenos
Gozag
Kikubaaqudgha
Nemelex Xobeh
Ru
Sif Muna
Trog


Innate Abilities, Weirdness & Mutations

You can fly.
You have a beak for a mouth.
You have claws for feet.


Message History

The orc is lightly wounded.
The orc hits you but does no damage.
You hit the orc but do no damage. Your kick misses the orc.
The orc is lightly wounded.
The orc hits you with a mace of draining.
* * * LOW HITPOINT WARNING * * *
You feel drained.
* * * LOW HITPOINT WARNING * * *
Drink which item? (? for menu, Esc to quit)
You're too hungry to go berserk.
You completely miss the orc. You claw the orc, but do no damage.
The orc is lightly wounded.
The orc hits you but does no damage. x2
You feel drained.
You slash the orc!
You kill the orc!
The orc hits you but does no damage.
You barely miss the orc. You claw the orc, but do no damage.
The orc hits you with a mace.
You die...

............###.)[..##.......#
######.#....#
#.....##.##..#.### #......#
########.#.(.#...#
###...###########.#)#####.#
#........#......#)..#...#
#....###.#.####.)...#.###
#....###.#.####.###...# ##
#.......o............## .#
####.#.#.@)#.##.######
.####### #............#
.......####.#.......##.#
.###......#.####.#####.# .#
#.#.##.#.####.#####.# .#
#.#.##.#.....<......# .#
#.#.##.############## ##
#.#.##.# # #.#.##.#


You could see an orc.

Vanquished Creatures
  A big kobold (Sewer)
  3 orc wizards (D:3)
  2 iguanas
  A worker ant (D:4)
  Jessica (D:2)
  9 river rats (Sewer)
  9 adders
  4 worms (D:2)
  2 giant geckos
  17 orcs
  11 bats
  6 giant cockroaches
  6 goblins
  5 hobgoblins
  5 quokkas
  5 ball pythons
  5 giant newts
  21 kobolds
  21 rats
134 creatures vanquished.

Notes
Turn   | Place    | Note
--------------------------------------------------------------
     0 | D:1      | KarvaRausku, the Tengu Gladiator, began the quest for the Orb.
     0 | D:1      | Reached XP level 1. HP: 12/12 MP: 1/1
   453 | D:1      | Reached XP level 2. HP: 17/17 MP: 3/3
   513 | D:1      | Reached skill level 4 in Long Blades
   924 | D:2      | Found a bloodstained altar of Trog.
   928 | D:2      | Found a sacrificial altar of Ru.
   928 | D:2      | Found an opulent altar of Gozag.
   930 | D:2      | Found a sparkling altar of Nemelex Xobeh.
   942 | D:2      | Found a deep blue altar of Sif Muna.
   943 | D:2      | Found a shadowy altar of Dithmenos.
   944 | D:2      | Found an ancient bone altar of Kikubaaqudgha.
   960 | D:2      | Reached XP level 3. HP: 8/21 MP: 4/4
  1220 | D:2      | Reached skill level 5 in Long Blades
  1280 | D:2      | Noticed Jessica
  1459 | D:2      | Killed Jessica
  1459 | D:2      | Reached XP level 4. HP: 26/26 MP: 5/5
  2194 | D:3      | Reached skill level 6 in Long Blades
  2233 | D:3      | Reached XP level 5. HP: 30/30 MP: 7/7
  2907 | D:3      | Reached skill level 7 in Long Blades
  2907 | D:3      | Reached XP level 6. HP: 30/35 MP: 8/8
  3538 | D:4      | Found a glowing drain.
  3543 | Sewer    | Entered a sewer
  3784 | Sewer    | Reached skill level 8 in Long Blades
  4066 | Sewer    | Reached XP level 7. HP: 35/40 MP: 9/9
  4876 | D:3      | Slain by an orc

Action                   |  1- 3 |  4- 6 |  7- 9 || total
-------------------------+-------+-------+-------++-------
Melee: Long sword        |    71 |   254 |    85 ||   410
 Abil: Evoke Teleportati |       |     1 |       ||     1
  Use: Scroll            |       |     8 |       ||     8
       Potion            |       |       |     1 ||     1
 Stab: Sleeping          |     1 |       |       ||     1
  Eat: Chunk             |     1 |     9 |     2 ||    12
